 Dungeon Crawl Stone Soup version 0.19-a0-49-gb8736b8 (webtiles) character file.

109 Jeelzebub the Changer (level 4, 0/34 HPs)
             Began as a Demigod Transmuter on May 6, 2016.
             Slain by a jackal (2 damage)
             ... on level 3 of the Dungeon.
             The game lasted 00:02:56 (3440 turns).

Jeelzebub the Changer (Demigod Transmuter)          Turns: 3440, Time: 00:02:57

Health: 0/34       AC:  2    Str: 13    XL:     4   Next: 35%
Magic:  9/9        EV: 12    Int: 19    God:
Gold:   114        SH:  0    Dex: 16    Spells: 2 memorised, 3 levels left

rFire  . . .     SeeInvis .       - Unarmed
rCold  . . .     Gourm    .     b - +0 robe
rNeg   . . .     Faith    .     (no shield)
rPois  .         Spirit   .     (no helmet)
rElec  .         Dismiss  .     (no cloak)
rCorr  .         Reflect  .     (no gloves)
SustAt +         Harm     .     (boots currently unavailable)
MR     .....                    (no amulet)
Stlth  +.........               (no ring)
                                (no ring)

@: appendage, not resistant to hostile enchantments, very unstealthy
A: talons 3, high mp 1, sustain attributes
a: End Transformation


You were on level 3 of the Dungeon.
You were near starving.
You had grown temporary talons.
You visited 1 branch of the dungeon, and saw 3 of its levels.

You collected 114 gold pieces.

Inventory:

Hand Weapons
 q - a +1 hunting sling of freezing
   (You took it off a goblin on level 2 of the Dungeon)
Missiles
 a - 28 arrows
 i - 2 throwing nets {=f, !d}
Armour
 b - a +0 robe (worn)
Jewellery
 h - an uncursed amulet of guardian spirit {unknown}
   (You found it on level 1 of the Dungeon)
Scrolls
 f - 3 scrolls of identify {unknown}
 g - a scroll of noise {unknown}
 j - 2 scrolls of fog {unknown}
 k - a scroll of magic mapping {unknown}
 o - a scroll of teleportation {unknown}
Potions
 e - a potion of heal wounds {unknown}
 l - 2 potions of lignification {unknown}
 m - a potion of mutation {unknown}
 n - a potion of cancellation {unknown}
 p - a potion of magic
Books
 c - a book of Changes
Comestibles
 d - 3 bread rations {@e1}


   Skills:
 - Level 0.8 Fighting
 - Level 1.7 Dodging
 - Level 2.7 Unarmed Combat
 - Level 1.8 Spellcasting
 + Level 4.3 Transmutations


You had 3 spell levels left.
You knew the following spells:

 Your Spells              Type           Power        Failure   Level  Hunger
a - Beastly Appendage     Trmt           ###...       3%          1    #......
s - Sticks to Snakes      Trmt           ###.....     6%          2    ###....


Dungeon Overview and Level Annotations

Branches:
Dungeon (3/15)


Innate Abilities, Weirdness & Mutations

You have an increased reservoir of magic (+10% MP).
Your attributes are resistant to harm.
You have claws for feet.


Message History

You closely miss the hobgoblin. The hobgoblin hits you.
You take 1 damage, and have 32/34 hp.
You hit the hobgoblin. The hobgoblin barely misses you.
You hit the hobgoblin. The hobgoblin hits you.
You take 3 damage, and have 29/34 hp.
You hit the hobgoblin.
You kill the hobgoblin!
A hobgoblin comes into view. It is wielding a club.
Found 2 fizzy red potions.
Found a stone staircase leading down.
You see here a hobgoblin corpse.
A jackal comes into view.
The helpless bat fails to defend itself.
You hit the bat. You claw the bat.
You kill the bat!
A jackal comes into view.
Your transformation is almost over.
MP restored: 9 A goblin comes into view.
It is wielding a dagger.
You hit the jackal. You claw the jackal, but do no damage.
The jackal barks!
The jackal bites you.
You take 2 damage, and have 28/34 hp.
You barely miss the jackal. Your kick misses the jackal.
The jackal barely misses you.
You closely miss the jackal.
The jackal bites you but does no damage.
The jackal misses you. The jackal bites you.
A jackal comes into view.
You take 2 damage, and have 26/34 hp.
The jackal barks!
You hit the jackal.
You kill the jackal!
The jackal barely misses you.
The goblin moves out of view.
The jackal barely misses you.
You closely miss the jackal. The jackal misses you.
The goblin shouts!
You hit the jackal. Your kick misses the jackal. The jackal closely misses you.
The hobgoblin completely misses you.
A goblin comes into view.
The goblin shouts!
The hobgoblin hits you but does no damage.
The jackal misses you.
A quokka comes into view.
Your talons disappear.
The jackal barely misses you. The jackal bites you.
A kobold comes into view. It is wielding a club.
You see here a hobgoblin corpse.
You take 2 damage, and have 25/34 hp.
The kobold shouts!
The jackal bites you. The jackal closely misses you.
You take 3 damage, and have 22/34 hp.
Your feet morph into talons.
The jackal bites you.
You take 1 damage, and have 21/34 hp.
You now have 8/9 mp.
You hit the jackal. The jackal bites you. The jackal misses you.
You take 1 damage, and have 20/34 hp.
You are too injured to fight recklessly!
You are too injured to fight recklessly!
You are too injured to fight recklessly!
You are too injured to fight recklessly!
You are too injured to fight recklessly!
You hit the jackal.
You kill the jackal!
You hit the jackal.
You kill the jackal!
A jackal comes into view.
The jackal barks!
You hit the hobgoblin but do no damage. The hobgoblin barely misses you.
A jackal comes into view.
You completely miss the hobgoblin.
The jackal barks!
The hobgoblin closely misses you.
You closely miss the jackal. Your kick misses the jackal.
The jackal misses you. The hobgoblin misses you.
You closely miss the jackal. Your punch misses the jackal.
The jackal barely misses you. The jackal closely misses you.
MP restored: 9 You barely miss the jackal.
Your kick misses the jackal. The jackal bites you. x2
The jackal barely misses you. The jackal closely misses you.
You take 4 damage, and have 17/34 hp.
You hit the jackal but do no damage. You claw the jackal.
The hobgoblin hits you with a club.
The jackal bites you but does no damage.
The jackal bites you. The goblin hits you.
You take 6 damage, and have 11/34 hp.
Unknown command.
You hit the jackal but do no damage. You claw the jackal. The jackal bites you.
* * * LOW HITPOINT WARNING * * *
The jackal misses you. The hobgoblin hits you with a club.
* * * LOW HITPOINT WARNING * * *
The goblin hits you.
* * * LOW HITPOINT WARNING * * *
You take 7 damage, and have 4/34 hp.
MASSIVE DAMAGE!!
Drink which item? (? for menu, Esc to quit)
It was a potion of magic.
Magic courses through your body. The jackal bites you.
* * * LOW HITPOINT WARNING * * *
The jackal bites you.
You die...

# . .# .. .
#..#### .#
.....##. ..... ..
#..# .#. #h### ..
#h@g# .. #. ###g#
.##... #g##.....#
#K...##..#
##†.......
###.####......##
#....†.....#)...
.................
########g##...##.


You could see 2 jackals, a hobgoblin, 2 goblins and a kobold.

Vanquished Creatures
  3 adders (D:2)
  An ooze (D:1)
  2 worms (D:2)
  2 dart slugs
  2 giant geckos (D:2)
  A giant cockroach (D:2)
  8 goblins
  3 hobgoblins
  6 jackals
  5 kobolds
  3 quokkas (D:2)
  7 bats
  3 giant newts (D:2)
  7 rats
53 creatures vanquished.

Vanquished Creatures (collateral kills)
  Terence (D:2)
1 creature vanquished.

Grand Total: 54 creatures vanquished

Notes
Turn   | Place    | Note
--------------------------------------------------------------
     0 | D:1      | Jeelzebub the Demigod Transmuter began the quest for the Orb.
     0 | D:1      | Reached XP level 1. HP: 15/15 MP: 5/5
    33 | D:1      | HP: 2/15 [kobold/short sword (5)]
   534 | D:1      | Reached skill level 2 in Transmutations
   643 | D:1      | Reached XP level 2. HP: 22/22 MP: 7/7
  1333 | D:1      | Reached skill level 3 in Transmutations
  1470 | D:1      | Learned a level 2 spell: Sticks to Snakes
  2065 | D:2      | Reached XP level 3. HP: 27/27 MP: 8/8
  2578 | D:2      | Noticed Terence
  2591 | D:2      | Killed Terence
  2591 | D:2      | Reached skill level 4 in Transmutations
  2591 | D:2      | Reached XP level 4. HP: 20/34 MP: 2/9
  3439 | D:3      | HP: 7/34 [hobgoblin/club (3)]
  3440 | D:3      | HP: 2/34 [jackal (2)]
  3440 | D:3      | Slain by a jackal

Vault maps used:
D:1:      zaba_arrival_water
D:2:      first_bread, serial_bayou_crossing, uniq_terence
D:3:      nicolae_ru_sacrificial_ziggurat, lemuel_crystal_altar,
          minmay_ogre_servants

Skill      XL: |  1  2  3 |
---------------+----------+-----
Transmutations | 2 3 4 |  4.3
Fighting       | |  0.8
Dodging        | |  1.7
Unarmed Combat | |  2.7
Spellcasting   | |  1.8

Action                   |  1- 3 |  4- 6 || total
-------------------------+-------+-------++-------
Melee: Unarmed           |   160 |    67 ||   227
       Kick              |    10 |     4 ||    14
       Headbutt          |     8 |       ||     8
       Punch             |     1 |       ||     1
 Cast: Beastly Appendage |    21 |     2 ||    23
       Sticks to Snakes  |     3 |       ||     3
  Use: Potion            |       |     1 ||     1
 Stab: Sleeping          |       |     2 ||     2
  Eat: Chunk             |     5 |     2 ||     7
Armor: Robe              |    13 |    10 ||    23
Dodge: Dodged            |   116 |    55 ||   171

Vault maps used:
D:1:      zaba_arrival_water
D:2:      first_bread, serial_bayou_crossing, uniq_terence
D:3:      nicolae_ru_sacrificial_ziggurat, lemuel_crystal_altar,
          minmay_ogre_servants

Table legend:
 A = Turns spent in this place as a percentage of turns spent in the entire game.
 B = Non-inter-level travel turns spent in this place as a percentage of non-inter-level travel turns spent in the entire game.
 C = Inter-level travel turns spent in this place as a percentage of turns spent in this place.
 D = Turns resting spent in this place as a percentage of non-inter-level travel turns spent in this place.
 E = Turns spent auto-exploring this place as a percentage of non-inter-level travel turns spent in this place.
 F = Non-inter-level travel turns spent in this place divided by the number of levels of this place that you've seen.
                   A       B       C       D       E      F
               +-------+-------+-------+-------+-------+----------------------
         Total | 100.0 | 100.0 |   0.3 |   4.5 |   9.3 | 246.3
       Dungeon | 100.0 | 100.0 |   0.3 |   4.5 |   9.3 | 246.3
               +-------+-------+-------+-------+-------+----------------------

Table legend:
 A = Kills in this place as a percentage of kills in entire the game.
 B = Kills by you in this place as a percentage of kills by you in the entire game.
 C = Kills by friends in this place as a percentage of kills by friends in the entire game.
 D = Other kills in this place as a percentage of other kills in the entire game.
 E = Experience gained in this place as a percentage of experience gained in the entire game.
 F = Experience gained in this place divided by the number of levels of this place that you have seen.
                   A       B       C       D       E      F
               +-------+-------+-------+-------+-------+----------------------
         Total | 100.0 | 100.0 | 100.0 |  -nan | 100.0 |  52.3
       Dungeon | 100.0 | 100.0 | 100.0 |  -nan | 100.0 |  52.3
               +-------+-------+-------+-------+-------+----------------------
